 Dungeon Crawl Stone Soup version 0.22.1-1-ga44c0e5 (webtiles) character file.

17517 Garbasso the Grappler (level 12, -1/122 HPs)
             Began as a Troll Monk on Oct 10, 2018.
             Was a High Priest of Yredelemnul.
             Slain by a nine-headed hydra (13 damage)
             ... on level 11 of the Dungeon.
             The game lasted 00:38:03 (10880 turns).

Garbasso the Grappler (Troll Monk)                 Turns: 10880, Time: 00:38:04

Health: -1/122     AC:  8    Str: 22    XL:     12   Next: 19%
Magic:  17/17      EV: 10    Int:  9    God:    Yredelemnul [*****.]
Gold:   474        SH:  9    Dex: 13    Spells: 11/11 levels left

rFire    . . .     SeeInvis .     - Unarmed
rCold    . . .     Gourm    +   B - +0 shield
rNeg     . . .     Faith    +   G - +1 troll leather armour
rPois    .         Spirit   .   A - +0 hat
rElec    .         Reflect  .   u - scarf {repulsion}
rCorr    .         Harm     .   (gloves unavailable)
MR       .....                  (boots unavailable)
Stlth    +++.......             E - amulet of faith
HPRegen  1.10/turn              m - ring of stealth
MPRegen  0.15/turn              c - ring of stealth

@: repel missiles
A: large, unfitting armour, claws 3, fast metabolism 3, gourmand, regeneration
1, shaggy fur 1, tough skin 2
a: Recall Undead Slaves, Injury Mirror, Animate Dead, Drain Life, Enslave Soul,
Renounce Religion


You were on level 11 of the Dungeon.
You worshipped Yredelemnul.
Yredelemnul was extremely pleased with you.
You were very full.

You visited 3 branches of the dungeon, and saw 14 of its levels.

You collected 1306 gold pieces.
You spent 832 gold pieces at shops.

Inventory:

Missiles
 o - 5 large rocks (quivered)
Armour
 u - a scarf of repulsion (worn)
 A - a +0 hat (worn)
 B - a +0 shield (worn)
 G - a +1 troll leather armour (worn)
Jewellery
 c - a ring of stealth (right claw)
 m - a ring of stealth (left claw)
 E - an amulet of faith (around neck)
Wands
 a - a wand of disintegration (13)
 q - a wand of acid (9)
 x - a wand of random effects (10)
 y - a wand of polymorph (9)
Scrolls
 d - a scroll of silence {unknown}
 h - 3 scrolls of fear
 j - 9 scrolls of remove curse
 l - 8 scrolls of teleportation
 t - a scroll of magic mapping
 v - 2 scrolls of fog
 w - 2 scrolls of amnesia
 C - 4 scrolls of identify
 D - a scroll of blinking {unknown}
 I - a scroll of enchant weapon
Potions
 e - a potion of invisibility
 f - 3 potions of mutation
 g - 14 potions of curing
 i - a potion of agility
 n - 4 potions of flight
 p - a potion of magic
 r - a potion of might
 s - 3 potions of haste
 z - a potion of heal wounds
 F - 2 potions of resistance
 H - a potion of berserk rage {unknown}
Comestibles
 b - 29 rations


   Skills:
 + Level 8.5 Fighting
 - Level 5.2 Dodging
 - Level 1.0 Stealth
 + Level 3.8 Shields
 * Level 13.5 Unarmed Combat
 + Level 8.2 Invocations


You had 11 spell levels left.
You didn't know any spells.
Your spell library contained the following spells:

 Spells                   Type           Power        Failure   Level  Hunger
 Confusing Touch          Hex            #.....       82%         1    ##.....
 Magic Dart               Conj           #...         82%         1    ##.....
 Blink                    Tloc           N/A          91%         2    ###....
 Call Imp                 Summ           #.......     91%         2    ###....
 Corpse Rot               Necr           N/A          91%         2    ###....
 Slow                     Hex            #.......     91%         2    ###....
 Sublimation of Blood     Necr           #.........   91%         2    ###....
 Confuse                  Hex            #.......     99%         3    ####...
 Conjure Flame            Conj/Fire      #.......     99%         3    ####...
 Gell's Gravitas          Tloc           #.........   99%         3    ####...
 Mephitic Cloud           Conj/Pois/Air  #.......     99%         3    ####...
 Petrify                  Tmut/Erth      #.......     100%        4    #####..
 Agony                    Necr           #.......     100%        5    ######.
 Bolt of Draining         Conj/Necr      #.........   100%        5    ######.
 Dispel Undead            Necr           #.......     100%        5    ######.
 Excruciating Wounds      Chrm/Necr      #.........   100%        5    ######.
 Metabolic Englaciation   Hex/Ice        #.........   100%        5    ######.
 Yara's Violent Unravell  Hex/Tmut       #.........   100%        5    ######.


Dungeon Overview and Level Annotations

Branches:
Dungeon (11/15)            Temple (1/1) D:4            Lair (0/6) D:11
    Orc (2/2) D:10            Elf (0/3) Orc:2

Altars:
Ashenzari
Cheibriados
Dithmenos
Elyvilon
Fedhas
Gozag
Hepliaklqana
Kikubaaqudgha
Makhleb
Nemelex Xobeh
Okawaru
Qazlal
Ru
Sif Muna
Trog
Uskayaw
Vehumet
Wu Jian
Xom
Yredelemnul
Zin
The Shining One
Beogh

Shops:
D:6 (   D:9 [   D:10 }


Innate Abilities, Weirdness & Mutations

You are too large for most types of armour.
You have claws for hands.
Your metabolism is lightning-fast.
You like to eat raw meat.
Your natural rate of healing is unusually fast.
You are covered in fur. (AC +1)
You have very tough skin. (AC +2)


Message History

The nine-headed hydra misses you.
You block the nine-headed hydra's attack. x2
The nine-headed hydra bites you. The nine-headed hydra bites you!
* * * LOW HITPOINT WARNING * * *
The nine-headed hydra closely misses you.
The nine-headed hydra bites you but does no damage.
The nine-headed hydra bites you!
* * * LOW HITPOINT WARNING * * *
You block the nine-headed hydra's attack.
You swap places.
The nine-headed hydra barely misses you.
You block the nine-headed hydra's attack.
The nine-headed hydra barely misses you.
You block the nine-headed hydra's attack.
The nine-headed hydra bites you!
* * * LOW HITPOINT WARNING * * *
You block the nine-headed hydra's attack.
The nine-headed hydra bites you!
You die...
Your body rises from the dead as a mindless zombie.

..........#..Z...#............#..
###########..Z###########....##.)
..#..........Z#.........#.......)
..#........ZZ.#.........#...W...)
..#........Z.Z#.........#....WWW.
..#.........ZZ#.........#.......W
..#....[......#.........#........
..#.........Z.#.ZD......#........
.########.....##@################
........#......ZZWZ.........
........'......ZZZ..........
........#...................
........#...................
############################


You could see a nine-headed hydra, a friendly phantasmal warrior, 2 friendly yak
zombies, 3 friendly gnoll zombies, a friendly yak skeleton and a friendly orc
priest skeleton.

Vanquished Creatures
  Gastronok (D:8)
  2 two-headed ogres
  A tengu warrior (D:10)
  2 orc sorcerers (Orc:2)
  A kobold demonologist (D:11)
  2 trolls (Orc:2)
  2 hornets (D:9)
  A hippogriff (D:8)
  Grinder (D:5)
  A shadow (D:11)
  2 wyverns
  10 yaks
  2 hungry ghosts
  4 wargs (Orc:2)
  2 floating eyes (D:9)
  A black bear (D:8)
  13 orc warriors
  5 sky beasts
  2 phantoms
  A necrophage (D:7)
  7 ogres
  2 centaurs
  3 bullfrogs
  5 scorpions
  A wyvern skeleton (D:7)
  5 killer bees
  6 wights
  A centaur zombie (D:7)
  3 crimson imps
  A quasit (D:10)
  A bullfrog zombie (D:6)
  3 bullfrog skeletons
  12 orc priests
  5 centaur skeletons
  5 hounds
  2 iguanas
  7 orc wizards
  10 worker ants
  2 hound skeletons
  4 worker ant zombies
  16 gnolls
  14 adders
  A shadow imp (D:9)
  An ooze (D:2)
  3 adder skeletons
  3 worms
  2 dart slugs
  5 leopard geckos
  56 orcs
  7 giant cockroaches
  14 goblins
  12 hobgoblins
  11 jackals
  16 kobolds
  A quokka (D:4)
  A ball python (D:5)
  A ball python skeleton (D:5)
  7 bats
  7 frilled lizards
  A quokka skeleton (D:4)
  A quokka zombie (D:9)
  12 rats
333 creatures vanquished.

Vanquished Creatures (collateral kills)
  An orc warlord (Orc:2)
  An orc high priest (Orc:2)
  A two-headed ogre (Orc:2)
  An ugly thing (D:9)
  A troll (D:9)
  2 wyverns
  A yak (D:9)
  2 wargs
  A water moccasin (D:10)
  7 orc warriors
  3 ogres (Orc:2)
  A phantom (D:10)
  A crimson imp (D:9)
  A hound (D:9)
  3 orc priests (Orc:2)
  3 orc wizards
  4 gnolls (D:9)
  42 orcs
  2 quokkas
  A plant (D:10)
79 creatures vanquished.

Vanquished Creatures (others)
  2 phantasmal warriors (Orc:2)
  6 flying skulls
  A wraith (Orc:2)
  A two-headed ogre zombie (Orc:2)
  4 warg zombies (Orc:2)
  A wight (Orc:1)
  3 ogre zombies (Orc:2)
  3 mummies
  2 scorpion zombies (D:9)
  23 orc zombies
  3 orc skeletons
  A quokka zombie (D:9)
  5 toadstools (D:1)
55 creatures vanquished.

Grand Total: 467 creatures vanquished

Notes
Turn   | Place    | Note
-------+----------+-------------------------------------------
     0 | D:1      | Garbasso the Troll Monk began the quest for the Orb.
     0 | D:1      | Reached XP level 1. HP: 22/22 MP: 0/0
    72 | D:1      | Reached XP level 2. HP: 29/29 MP: 1/1
   306 | D:1      | Reached XP level 3. HP: 34/36 MP: 2/2
   377 | D:1      | Reached skill level 4 in Unarmed Combat
   890 | D:2      | Reached XP level 4. HP: 24/45 MP: 3/3
  1071 | D:2      | Found a shadowy altar of Dithmenos.
  1127 | D:2      | Found a sparkling altar of Nemelex Xobeh.
  1486 | D:3      | Reached skill level 5 in Unarmed Combat
  1538 | D:3      | Reached XP level 5. HP: 53/53 MP: 4/4
  1635 | D:3      | Found an ornate altar of the Wu Jian Council.
  1636 | D:3      | Found an iron altar of Okawaru.
  1636 | D:3      | Found a basalt altar of Yredelemnul.
  1637 | D:3      | Found a burning altar of Makhleb.
  1654 | D:3      | Became a worshipper of Yredelemnul the Dark
  1654 | D:3      | Reached * piety under Yredelemnul
  1654 | D:3      | Reached ** piety under Yredelemnul
  1701 | D:3      | Found a bloodstained altar of Trog.
  2306 | D:4      | Found a deep blue altar of Sif Muna.
  2341 | D:4      | Reached XP level 6. HP: 61/62 MP: 5/5
  2450 | D:4      | Reached skill level 6 in Unarmed Combat
  2491 | D:4      | Reached skill level 1 in Invocations
  2513 | D:4      | Found a shimmering altar of Xom.
  2628 | D:4      | Found a staircase to the Ecumenical Temple.
  2636 | Temple   | Entered the Ecumenical Temple
  2780 | D:4      | Reached XP level 7. HP: 64/70 MP: 7/7
  2844 | D:4      | Found a white marble altar of Elyvilon.
  2899 | D:4      | Reached *** piety under Yredelemnul
  3116 | D:5      | Entered Level 5 of the Dungeon
  3216 | D:5      | Reached skill level 7 in Unarmed Combat
  3293 | D:5      | Noticed Grinder
  3297 | D:5      | Paralysed by Grinder for 4 turns
  3300 | D:5      | Killed Grinder
  3850 | D:5      | Reached XP level 8. HP: 54/79 MP: 9/9
  3941 | D:5      | Reached skill level 8 in Unarmed Combat
  4132 | D:6      | Found Lejeiri's Antique Weapon Emporium.
  4237 | D:6      | Reached skill level 5 in Fighting
  4681 | D:6      | Found a glowing golden altar of the Shining One.
  4979 | D:7      | Found a white marble altar of Elyvilon.
  5027 | D:7      | Reached skill level 9 in Unarmed Combat
  5116 | D:7      | Reached XP level 9. HP: 88/88 MP: 11/11
  5148 | D:7      | Found a hide-covered altar of Uskayaw.
  5902 | D:8      | Reached skill level 10 in Unarmed Combat
  5902 | D:8      | Reached skill level 5 in Invocations
  5970 | D:8      | Noticed Gastronok
  5987 | D:8      | Killed Gastronok
  5987 | D:8      | Reached skill level 11 in Unarmed Combat
  5987 | D:8      | Reached XP level 10. HP: 27/100 MP: 11/13
  6758 | D:9      | Found Utunaz's Antique Armour Shoppe.
  6845 | D:9      | Received a gift from Yredelemnul (a mummy)
  7056 | D:9      | Found a shattered altar of Ashenzari.
  7090 | D:9      | Paralysed by a hornet for 2 turns
  7092 | D:9      | Received a gift from Yredelemnul (a flying skull)
  7159 | D:9      | Reached **** piety under Yredelemnul
  7187 | D:9      | Reached skill level 5 in Dodging
  7220 | D:9      | Received a gift from Yredelemnul (a mummy)
  7440 | D:9      | Noticed a red ugly thing
  7448 | D:9      | Killed a red ugly thing
  7448 | D:9      | Reached XP level 11. HP: 87/109 MP: 15/15
  7564 | D:9      | Found a basalt altar of Yredelemnul.
  7657 | D:10     | Entered Level 10 of the Dungeon
  7677 | D:10     | Found Nuargh's Gadget Emporium.
  7687 | D:10     | Received a gift from Yredelemnul (a mummy)
  7690 | D:10     | Reached skill level 12 in Unarmed Combat
  7699 | D:10     | Received a gift from Yredelemnul (5 flying skulls)
  7879 | D:10     | Found a glowing golden altar of the Shining One.
  7898 | D:10     | Noticed a two-headed ogre
  7905 | D:10     | Killed a two-headed ogre
  8190 | D:10     | Found a staircase to the Orcish Mines.
  8197 | Orc:1    | Entered Level 1 of the Orcish Mines
  8215 | Orc:1    | Reached skill level 1 in Shields
  8216 | Orc:1    | Received a gift from Yredelemnul (a wight)
  8472 | Orc:1    | Received a gift from Yredelemnul (a phantasmal warrior)
  8560 | Orc:2    | Entered Level 2 of the Orcish Mines
  8730 | Orc:2    | Noticed a two-headed ogre
  8739 | Orc:2    | Killed a two-headed ogre
  8753 | Orc:2    | Reached ***** piety under Yredelemnul
  8757 | Orc:2    | Received a gift from Yredelemnul (a wraith)
  9132 | Orc:2    | Noticed a two-headed ogre
  9138 | Orc:2    | Killed a two-headed ogre
  9224 | Orc:2    | Noticed an orc warlord
  9231 | Orc:2    | Killed an orc warlord
  9430 | Orc:2    | Found a staircase to the Elven Halls.
  9488 | Orc:2    | Noticed an orc sorcerer
  9488 | Orc:2    | Noticed an orc sorcerer
  9499 | Orc:2    | Noticed a sun demon
  9500 | Orc:2    | Killed an orc sorcerer
  9500 | Orc:2    | Reached skill level 13 in Unarmed Combat
  9505 | Orc:2    | Killed an orc sorcerer
  9509 | Orc:2    | Received a gift from Yredelemnul (a phantasmal warrior)
  9588 | Orc:2    | Found Nounesk's Distillery.
  9588 | Orc:2    | Noticed an orc high priest
  9613 | Orc:2    | Killed an orc high priest
  9671 | Orc:2    | Bought a potion of flight for 39 gold pieces
  9671 | Orc:2    | Bought a potion of mutation for 104 gold pieces
  9671 | Orc:2    | Bought a potion of curing for 39 gold pieces
  9671 | Orc:2    | Bought a potion of curing for 39 gold pieces
  9671 | Orc:2    | Bought a potion of mutation for 104 gold pieces
  9671 | Orc:2    | Bought a potion of resistance for 130 gold pieces
  9671 | Orc:2    | Bought a potion of curing for 39 gold pieces
  9671 | Orc:2    | Bought a potion of haste for 130 gold pieces
  9671 | Orc:2    | Bought a potion of curing for 39 gold pieces
  9671 | Orc:2    | Bought a potion of curing for 39 gold pieces
  9671 | Orc:2    | Bought a potion of resistance for 130 gold pieces
  9689 | Orc:2    | Noticed an orc warlord
  9689 | Orc:2    | Noticed an orc sorcerer
  9689 | Orc:2    | Noticed an orc sorcerer
  9699 | Orc:2    | Reached XP level 12. HP: 120/120 MP: 13/16
  9704 | Orc:2    | Found a roughly hewn altar of Beogh.
  9897 | D:10     | Noticed a tengu warrior
  9908 | D:10     | Killed a tengu warrior
 10262 | D:11     | Found a staircase to the Lair.
 10442 | D:11     | Received a gift from Yredelemnul (a phantasmal warrior)
 10872 | D:11     | Noticed a seven-headed hydra
 10880 | D:11     | Slain by a nine-headed hydra

Skill      XL: |  1  2  3  4  5  6  7  8  9 10 11 12 |
---------------+-------------------------------------+-----
Unarmed Combat | 4 5 6 7 9 11 13 | 13.5
Fighting       | 3 4 5 6 7 8 |  8.5
Invocations    | 1 3 4 5 6 7 8 |  8.2
Dodging        | 4 5 |  5.2
Shields        | 3 |  3.8
Stealth        | |  1.0

Action                   |  1- 3 |  4- 6 |  7- 9 | 10-12 || total
-------------------------+-------+-------+-------+-------++-------
Melee: Unarmed           |   114 |   155 |   236 |   434 ||   939
       Punch             |     2 |     5 |    13 |     8 ||    28
Throw: Large rock        |       |       |     2 |       ||     2
Invok: Animate Dead      |       |       |     1 |    32 ||    33
       Injury Mirror     |       |       |     1 |     3 ||     4
       Recall Undead Sla |       |       |       |     6 ||     6
       Drain Life        |       |       |       |     4 ||     4
  Use: Scroll            |       |       |    10 |    15 ||    25
       Potion            |       |       |       |     1 ||     1
 Stab: Distracted        |     1 |       |       |     5 ||     6
       Sleeping          |     3 |    10 |     9 |    19 ||    41
  Eat: Chunk             |    14 |    17 |    24 |    54 ||   109
       Ration            |       |       |     4 |       ||     4
Armor: Robe              |    40 |    45 |    48 |    57 ||   190
       Troll leather arm |       |       |       |    31 ||    31
Dodge: Dodged            |    66 |    73 |    92 |   180 ||   411
       Deflected         |       |       |       |     4 ||     4
Block: Shield            |       |       |       |   100 ||   100
